 Dungeon Crawl Stone Soup version 0.27.0-1-g7a089689b8 (webtiles) character file.

Game seed: 2374540386724442682

139 inmateoo the Bolt Thrower (level 5, 0/41 HPs)
             Began as a Formicid Hunter on Aug 10, 2021.
             Succumbed to Ijyb's poison
             ... on level 3 of the Dungeon.
             The game lasted 00:03:33 (1772 turns).

inmateoo the Bolt Thrower (Formicid Hunter)         Turns: 1772, Time: 00:03:34

Health: 0/41       AC:  5    Str: 17      XL:     5   Next: 46%
Magic:  5/5        EV: 11    Int: 10      God:
Gold:   32         SH:  0    Dex: 10 (12) Spells: 4/4 levels left

rFire    . . .     SeeInvis +   a - +1 hand crossbow
rCold    . . .     Faith    .   (no shield)
rNeg     . . .     Spirit   .   m - +0 ring mail
rPois    .         Reflect  .   (helmet unavailable)
rElec    .         Harm     .   (no cloak)
rCorr    .         Rampage  .   (no gloves)
Will     .....                  (no boots)
Stlth    +.........             (no amulet)
HPRegen  0.13/turn              (no ring)
MPRegen  0.09/turn              (no ring)

@: lethally poisoned (0 -> -27)
A: permanent stasis, dig shafts and tunnels, antennae 3, four strong arms
a: Dig, Shaft Self


You were on level 3 of the Dungeon.
You visited 1 branch of the dungeon, and saw 3 of its levels.

You collected 32 gold pieces.

Inventory:

Hand Weapons
 a - a +1 hand crossbow (weapon)
 b - a +4 dagger of speed
 c - a +0 morningstar
Missiles
 d - 6 bolts (quivered ammo)
Armour
 m - a +0 ring mail (worn)
Potions
 e - a potion of flight
 i - a potion of magic {unknown}
 j - a potion of resistance {unknown}


   Skills:
 + Level 3.6 Fighting
 + Level 1.2 Maces & Flails
 + Level 4.8 Crossbows
 + Level 2.9 Dodging
 - Level 1.2 Stealth


You had 4 spell levels left.
You didn't know any spells.
Your spell library contained the following spells:

 Spells                   Type           Power      Damage    Failure   Level
 Corpse Rot               Necr/Air       N/A        N/A       71%         2
 Dispel Undead            Necr           0%         3d6       100%        4
 Death Channel            Necr           0%         N/A       100%        6


Dungeon Overview and Level Annotations

Branches:
Dungeon (3/15)

Altars:
Gozag


Innate Abilities, Weirdness & Mutations

You cannot be hasted, slowed, berserked, paralysed or teleported.
You can dig through walls and to a lower floor.
You have a pair of large antennae on your head. (SInv)
Your four strong arms can wield two-handed weapons with a shield.


Message History

You hit Ijyb.
Ijyb is moderately wounded.
You feel sick.
Ijyb zaps a wand.
You resist with some effort.
You hit Ijyb.
Ijyb is severely wounded.
You feel sick.
You barely miss Ijyb.
Ijyb is severely wounded.
You feel sick. Ijyb hits you but does no damage.
You barely miss Ijyb.
Ijyb is severely wounded.
You feel sick.
Ijyb hits you with a +0 dagger of venom.
You are lethally poisoned!
You hit Ijyb but do no damage.
Ijyb is severely wounded.
You feel very sick. Ijyb hits you but does no damage.
You are more poisoned.
Okay, then.
You barely miss Ijyb.
Ijyb is severely wounded.
You feel very sick.
You barely miss Ijyb.
Ijyb is severely wounded.
You hear the slow rusting of a drain nearby.
* * * LOW HITPOINT WARNING * * *
You feel very sick.
Ijyb hits you with a +0 dagger of venom.
* * * LOW HITPOINT WARNING * * *
You are more poisoned.
a - a +1 hand crossbow (weapon)
* * * LOW HITPOINT WARNING * * *
You feel very sick.
Fire: 7 bolts
Press: ? - help, Q - select action, (/) - cycle Shift-Dir - straight line, f/p - Ijyb
Aim: Ijyb, wielding a +0 dagger of venom, wearing a +0 leather armour and carrying a wand of paralysis (1) (severely wounded, 58% to hit)
You shoot a bolt. The bolt hits Ijyb!
You kill Ijyb!
You die...

.(..# ###
#(#.##...
#(.....#
#......#
.......#
#....>.#
###(.....#
#..@..#
#######.#.###
........).#
######
#######.###
.....#
######.#####
####.#
#..........#
##.##
#.####.###.#
###<..###.#
#.#
..........#
#.#


There were no monsters in sight!

Vanquished Creatures
  A phantom (D:2)
  Ijyb (D:3)
  2 adders (D:2)
  3 dart slugs
  4 endoplasms
  A giant cockroach (D:1)
  3 goblins
  5 hobgoblins
  3 jackals (D:1)
  A ball python (D:2)
  5 bats
  A frilled lizard (D:2)
  6 kobolds
  3 rats
39 creatures vanquished.

Notes
Turn   | Place    | Note
-------+----------+-------------------------------------------
     0 | D:1      | inmateoo the Formicid Hunter began the quest for the Orb.
     0 | D:1      | Reached XP level 1. HP: 16/16 MP: 1/1
    71 | D:1      | Reached XP level 2. HP: 23/23 MP: 2/2
   303 | D:1      | Found a faded altar of an unknown god.
   327 | D:1      | Reached XP level 3. HP: 28/28 MP: 3/3
   580 | D:2      | Noticed a phantom
   810 | D:2      | Found an opulent altar of Gozag.
   860 | D:2      | Reached XP level 4. HP: 25/35 MP: 4/4
   967 | D:2      | Killed a phantom
   968 | D:2      | Reached skill level 1 in Maces & Flails
   968 | D:2      | Reached XP level 5. HP: 38/41 MP: 5/5
  1743 | D:3      | Noticed Ijyb
  1772 | D:3      | Killed Ijyb
  1772 | D:3      | Succumbed to Ijyb's poison

Illustrated notes

Levels and vault maps discovered:
D:1:      dpeg_arrival_pits, layout_basic, hellmonk_ecumenical_altar_run_dry
D:2:      layout_basic, basic_altar
D:3:      layout_loops_ring, gup_sewer_entry_pipe, uniq_ijyb, uniq_jessica

Skill      XL: |  1  2  3  4 |
---------------+-------------+-----
Dodging        | 2 |  2.9
Fighting       | 3 |  3.6
Maces & Flails | 1 |  1.2
Crossbows      | |  4.8
Stealth        | |  1.2

Action                   |  1- 3 |  4- 6 || total
-------------------------+-------+-------++-------
Melee: Short sword       |     2 |       ||     2
       Dagger            |    13 |    47 ||    60
 Fire: Hand crossbow     |    43 |    22 ||    65
  Use: Scroll            |     2 |       ||     2
       Potion            |       |     2 ||     2
Armor: Leather armour    |     3 |       ||     3
       Ring mail         |     2 |    19 ||    21
Dodge: Dodged            |    10 |    22 ||    32
